 Dungeon Crawl Stone Soup version 0.30-a0-509-gd016549fea (webtiles) character file.

Game seed: 17809688355618618789

84 Jase the Ruffian (level 4, -2/35 HPs)
             Began as a Draconian Transmuter on Dec 22, 2022.
             Slain by a gnoll
             ... wielding a +0 spear
              (3 damage)
             ... on level 3 of the Dungeon.
             The game lasted 00:03:29 (1963 turns).

Jase the Ruffian (Draconian Transmuter)             Turns: 1963, Time: 00:03:30

Health: -2/35      AC:  5    Str: 12    XL:     4   Next: 23%
Magic:  5/7        EV: 12    Int: 16    God:
Gold:   95         SH:  0    Dex: 11    Spells: 4/7 levels left

rFire   . . .      SeeInvis .      - Unarmed
rCold   . . .      Faith    .    (no shield)
rNeg    . . .      Spirit   .    (body armour unavailable)
rPois   .          Reflect  .    (helmet currently unavailable)
rElec   .          Harm     .    (no cloak)
rCorr   .          Rampage  .    (no gloves)
Will    .....                    (boots currently unavailable)
Stlth   +.........               (no amulet)
HPRegen 0.25/turn                (no ring)
MPRegen 0.10/turn                (no ring)

@: appendages (expiring), wereblooded
A: horns 2, talons 2, AC +5, unfitting armour, cold-blooded
a: End Transformation


You were on level 3 of the Dungeon.
You had temporarily grown beastly horns and talons.
You visited 1 branch of the dungeon, and saw 3 of its levels.

You collected 95 gold pieces.

Inventory:

Missiles
 d - a throwing net
 e - 25 stones
 i - 9 boomerangs
Scrolls
 b - 3 scrolls of identify {unknown}
 f - a scroll of acquirement {unknown}
 h - 2 scrolls of teleportation {unknown}
 l - a scroll of amnesia {unknown}
Potions
 a - a potion of lignification
 c - 3 potions of attraction {unknown}
 g - 2 potions of mutation {unknown}
 j - 2 potions of might {unknown}
 k - a potion of curing {unknown}
 m - 3 potions of heal wounds {unknown}


   Skills:
 - Level 1.1 Fighting
 + Level 2.7 Dodging
 + Level 3.8 Unarmed Combat
 - Level 2.0 Spellcasting
 + Level 3.0 Transmutations


You had 4 spell levels left.
You knew the following spells:

 Your Spells              Type           Power      Damage    Failure   Level
a - Beastly Appendage     Tmut           22%        N/A       6%          1
b - Wereblood             Tmut           11%        N/A       9%          2

Your spell library contained the following spells:

 Spells                   Type           Power      Damage    Failure   Level
 Summon Small Mammal      Summ           4%         N/A       21%         1
 Spider Form              Tmut/Pois      6%         N/A       32%         3
 Call Canine Familiar     Summ           1%         N/A       52%         3
 Summon Guardian Golem    Hex/Summ       1%         N/A       52%         3
 Ice Form                 Ice/Tmut       6%         N/A       73%         4
 Petrify                  Tmut/Erth      6%         N/A       73%         4
 Metabolic Englaciation   Hex/Ice        0%         N/A       99%         5
 Statue Form              Tmut/Erth      4%         N/A       100%        6


Dungeon Overview and Level Annotations

Branches:
Dungeon (3/15)

Altars:


Innate Abilities, Weirdness & Mutations

You have temporarily grown beastly horns and talons.
Your plain brown scales are hard. (AC +5)
You cannot fit into any form of body armour.
You are cold-blooded and may be slowed by cold attacks.


Message History

You barely miss the bat. Your kick misses the bat.
Your headbutt misses the bat.
Your tail-slap misses the bat.
The bat is severely wounded.
The bat closely misses you. x2
The gnoll hits you from afar with a +0 spear.
* * * LOW HITPOINT WARNING * * *
You barely miss the bat. Your kick misses the bat.
Your headbutt misses the bat.
The bat is severely wounded.
The bat hits you but does no damage. The bat barely misses you.
The bat misses you. The gnoll barely misses you.
You closely miss the bat. You claw the bat.
You feel a bit better.
You kill the bat!
You howl as the wereblood boils in your veins!
The gnoll barely misses you.
You barely miss the gnoll. You claw the gnoll. Your headbutt misses the gnoll.
You tail-slap the gnoll.
The gnoll is heavily wounded.
You howl as the wereblood boils in your veins!
The gnoll closely misses you.
You completely miss the gnoll. Your headbutt misses the gnoll.
The gnoll is heavily wounded.
You howl as the wereblood boils in your veins!
The gnoll hits you but does no damage. x2
You hit the gnoll. You claw the gnoll.
Your tail-slap misses the gnoll.
The gnoll is almost dead.
The gnoll completely misses you.
The gnoll hits you from afar with a +0 spear.
* * * LOW HITPOINT WARNING * * *
You hit the gnoll.
You feel a bit better.
You kill the gnoll!
Your transformation is almost over.
The gnoll hits you from afar with a +0 spear.
* * * LOW HITPOINT WARNING * * *
You completely miss the gnoll. You claw the gnoll.
The gnoll is lightly wounded.
The gnoll hits you with a +0 club.
* * * LOW HITPOINT WARNING * * *
The gnoll hits you from afar with a +0 spear.
You die...

#### ### # #.. ..#.#
#.# #.#.#
#####.#####.#.####
#####........##...!...
#.....###.##...†......
#.##### #.......##.##.
#.# #######.# #.# #@#
##.# #g# #..#


gJ) #.## ...## #.# ....# #.# ...#.# #.# ..###.. ..# ### #.# .## You could see 2
gnolls and an endoplasm.

Vanquished Creatures
  2 gnolls
  4 worms
  4 ball pythons (D:2)
  4 bats
  6 endoplasms
  5 giant cockroaches
  2 goblins (D:2)
  4 hobgoblins
  2 jackals (D:2)
  4 quokkas
  A frilled lizard (D:2)
  6 kobolds
  4 rats
48 creatures vanquished.

Notes
Turn   | Place    | Note
-------+----------+-------------------------------------------
     0 | D:1      | Jase the Draconian Transmuter began the quest for the Orb.
     0 | D:1      | Reached XP level 1. HP: 16/16 MP: 3/3
    63 | D:1      | Reached XP level 2. HP: 22/23 MP: 3/5
   578 | D:1      | You fall into a shaft and drop 1 floor!
   595 | D:2      | Reached XP level 3. HP: 20/28 MP: 6/6
  1021 | D:2      | Learned a level 2 spell: Wereblood
  1412 | D:1      | Reached XP level 4. HP: 35/35 MP: 7/7
  1963 | D:3      | HP: 1/35 [gnoll/+0 club (1)]
  1963 | D:3      | Slain by a gnoll

Illustrated notes

Levels and vault maps discovered:
D:1:      dpeg_arrival_signposts, layout_basic
D:2:      layout_basic, kennysheep_big_empty_room, grunt_ministairs_9
D:3:      layout_loops_cross, nicolae_overflow_squiral,
          shapermc_ecumenical_altar_ellora

Skill      XL: |  1  2  3  4 |
---------------+-------------+-----
Dodging        | 2 |  2.7
Transmutations | 3 |  3.0
Fighting       | |  1.1
Unarmed Combat | |  3.8
Spellcasting   | |  2.0

Action                   |  1- 3 |  4- 6 || total
-------------------------+-------+-------++-------
Melee: Unarmed           |   130 |    19 ||   149
       Headbutt          |     7 |     2 ||     9
       Kick              |    14 |     8 ||    22
       Tailslap          |    11 |     3 ||    14
       Punch             |     2 |       ||     2
 Cast: Beastly Appendage |    15 |     2 ||    17
       Wereblood         |       |     1 ||     1
 Stab: Sleeping          |     3 |       ||     3
Armor: Skin              |    40 |     8 ||    48
Dodge: Dodged            |    77 |    21 ||    98

Table legend: (Time is in decaauts)
 A = Elapsed time spent in this place.
 B = Non-inter-level travel time spent in this place.
 C = Inter-level travel time spent in this place.
 D = Time resting spent in this place.
 E = Time spent auto-exploring this place.
 F = Levels seen in this place.
 G = Mean time per level.
                   A        B        C        D        E       F      G
               +--------+--------+--------+--------+--------+-----+--------+
         Total |   1956 |   1922 |     34 |     36 |   1538 |   3 |  652.0 |
       Dungeon |   1956 |   1922 |     34 |     36 |   1538 |   3 |  652.0 |
               +--------+--------+--------+--------+--------+-----+--------+

Top non-repeatable levels by time:
     D:1: 1112 daAuts
     D:2: 785 daAuts
     D:3: 58 daAuts
